[ AOE2 MATCH · #513530261 ]
UnrankedMaya vs Aztecs
Player's team · LOSS
Rival team · WIN
[ REPLAY ANALYSIS · EXTRACTED FROM THE RECORDED GAME ]
Feudal
14:25
Castle
37:02
Imperial
55:43
| APM avg | 32.6 |
| APM peak | 89 |
| eAPM avg | 19.6 |
| Villagers / military | 110 / 70 |
Focus
⚔️ 27.9% · 🌾 72.1%
Eagle Scout ×39 · Fishing Ship ×17 · Battering Ram ×11 · Militia ×8 · Spearman ×4 · Mangonel ×2
Feudal
11:19
Castle
22:57
Imperial
41:19
| APM avg | 27.2 |
| APM peak | 91 |
| eAPM avg | 16.3 |
| Villagers / military | 140 / 108 |
Focus
⚔️ 34.6% · 🌾 65.4%
Eagle Scout ×62 · Militia ×14 · Jaguar Warrior ×10 · Trebuchet (Packed) ×9 · Monk ×4 · Fishing Ship ×4
Match map
Initial resources + every placement click. Lines = walls · curves = elevation contours. ◆ gold · ⬟ stone · ● berries · ✦ relic · ◌ wall gap
Your base· Open — unwalled flank
Rey Nacho 1ro's base· Open — unwalled flank
Smoothed initial terrain · ◌ = detected wall gap · hover for details
Inputs per minute
— angelferoz - - Rey Nacho 1ro
Build order — angelferoz
First 150 of 341 actions detected
| 0:03 | Research | Loom |
| 0:09 | Build | House |
| 0:16 | Build | House |
| 0:26 | Queue | Villager (Male) |
| 0:27 | Queue | Villager (Male) |
| 0:28 | Queue | Villager (Male) |
| 0:29 | Queue | Villager (Male) |
| 1:40 | Queue | Villager (Male) |
| 2:22 | Build | House |
| 2:29 | Queue | Villager (Male) |
| 3:06 | Queue | Villager (Male) |
| 3:40 | Queue | Villager (Male) |
| 4:04 | Queue | Villager (Male) |
| 4:46 | Queue | Villager (Male) |
| 4:46 | Queue | Villager (Male) |
| 5:12 | Build | House |
| 5:50 | Build | Outpost |
| 6:04 | Build | Outpost |
| 6:06 | Queue | Villager (Male) |
| 6:07 | Queue | Villager (Male) |
| 6:22 | Queue | Villager (Male) |
| 6:23 | Queue | Villager (Male) |
| 6:30 | Build | Palisade Wall |
| 6:36 | Build | Palisade Wall |
| 6:37 | Build | Palisade Wall |
| 6:40 | Build | Palisade Wall |
| 6:40 | Build | Palisade Wall |
| 6:41 | Build | Palisade Wall |
| 6:41 | Build | Palisade Wall |
| 6:53 | Build | Dock |
| 6:54 | Queue | Villager (Male) |
| 6:55 | Queue | Villager (Male) |
| 7:03 | Queue | Villager (Male) |
| 7:03 | Queue | Villager (Male) |
| 7:36 | Queue | Fishing Ship |
| 7:36 | Queue | Fishing Ship |
| 7:36 | Queue | Fishing Ship |
| 7:55 | Queue | Villager (Male) |
| 8:00 | Queue | Villager (Male) |
| 8:01 | Queue | Villager (Male) |
| 8:12 | Queue | Villager (Male) |
| 8:38 | Build | House |
| 8:46 | Queue | Villager (Male) |
| 9:15 | Queue | Villager (Male) |
| 10:10 | Build | Lumber Camp |
| 10:16 | Queue | Villager (Male) |
| 10:33 | Build | House |
| 10:39 | Build | House |
| 11:38 | Build | Mill |
| 11:44 | Queue | Fishing Ship |
| 11:44 | Queue | Fishing Ship |
| 12:11 | Research | Feudal Age |
| 12:16 | Research | Feudal Age |
| 14:25 | Age | Feudal Age |
| 14:30 | Research | Town Watch |
| 14:47 | Queue | Villager (Male) |
| 14:47 | Queue | Villager (Male) |
| 14:53 | Build | Barracks |
| 15:03 | Build | House |
| 15:17 | Build | Watch Tower |
| 15:20 | Queue | Villager (Male) |
| 15:21 | Queue | Villager (Male) |
| 15:58 | Build | Palisade Wall |
| 16:06 | Build | Palisade Wall |
| 16:08 | Build | Palisade Wall |
| 16:40 | Queue | Villager (Male) |
| 16:45 | Queue | Spearman |
| 16:45 | Queue | Spearman |
| 17:00 | Build | House |
| 17:14 | Build | House |
| 17:45 | Research | Double-Bit Axe |
| 17:55 | Build | Mining Camp |
| 18:20 | Build | House |
| 18:26 | Queue | Villager (Male) |
| 18:27 | Queue | Villager (Male) |
| 18:39 | Research | Arson |
| 19:35 | Build | Watch Tower |
| 19:37 | Queue | Villager (Male) |
| 19:38 | Queue | Villager (Male) |
| 19:39 | Queue | Villager (Male) |
| 19:40 | Queue | Villager (Male) |
| 19:41 | Queue | Villager (Male) |
| 20:07 | Queue | Villager (Male) |
| 20:08 | Queue | Villager (Male) |
| 20:09 | Queue | Villager (Male) |
| 20:09 | Queue | Villager (Male) |
| 20:10 | Queue | Villager (Male) |
| 20:11 | Queue | Villager (Male) |
| 20:32 | Build | Watch Tower |
| 20:40 | Queue | Villager (Male) |
| 20:41 | Queue | Villager (Male) |
| 20:43 | Queue | Villager (Male) |
| 20:44 | Queue | Villager (Male) |
| 20:50 | Build | House |
| 21:19 | Build | Dock |
| 22:06 | Build | Watch Tower |
| 22:14 | Build | Stone Wall |
| 22:17 | Build | Stone Wall |
| 22:18 | Build | Stone Wall |
| 22:19 | Build | Stone Wall |
| 23:04 | Build | Watch Tower |
| 23:10 | Build | Stone Wall |
| 23:14 | Build | Stone Wall |
| 23:19 | Build | Stone Wall |
| 23:32 | Queue | Villager (Male) |
| 23:33 | Queue | Villager (Male) |
| 23:55 | Build | Stone Wall |
| 23:59 | Build | Stone Wall |
| 23:59 | Build | Stone Wall |
| 24:21 | Build | Watch Tower |
| 24:34 | Build | House |
| 24:35 | Build | House |
| 24:43 | Build | Dock |
| 24:59 | Build | Watch Tower |
| 25:50 | Build | Stone Wall |
| 25:58 | Build | Watch Tower |
| 26:03 | Build | Stone Wall |
| 26:05 | Build | Stone Wall |
| 26:07 | Build | Stone Wall |
| 26:13 | Build | Stone Wall |
| 26:22 | Build | Farm |
| 26:22 | Build | Farm |
| 26:24 | Build | Farm |
| 26:25 | Build | Farm |
| 26:25 | Build | Farm |
| 26:25 | Build | Farm |
| 26:25 | Build | Farm |
| 26:26 | Build | Farm |
| 26:34 | Queue | Fishing Ship |
| 26:34 | Queue | Fishing Ship |
| 26:34 | Queue | Fishing Ship |
| 26:43 | Queue | Hulk |
| 26:58 | Build | Stone Wall |
| 27:00 | Build | Stone Wall |
| 27:01 | Build | Stone Wall |
| 27:03 | Build | Stone Wall |
| 27:04 | Queue | Villager (Male) |
| 27:06 | Queue | Villager (Male) |
| 27:07 | Queue | Villager (Male) |
| 27:08 | Queue | Villager (Male) |
| 27:13 | Queue | Fishing Ship |
| 27:13 | Queue | Fishing Ship |
| 28:00 | Queue | Villager (Male) |
| 28:00 | Queue | Villager (Male) |
| 28:13 | Build | House |
| 28:37 | Build | House |
| 28:38 | Build | House |
| 28:46 | Queue | Villager (Male) |
| 28:47 | Queue | Villager (Male) |
| 28:55 | Queue | Spearman |
Build order — Rey Nacho 1ro
First 150 of 308 actions detected
| 0:01 | Queue | Villager (Male) |
| 0:02 | Queue | Villager (Male) |
| 0:02 | Queue | Villager (Male) |
| 0:02 | Queue | Villager (Male) |
| 0:04 | Build | House |
| 0:05 | Build | House |
| 1:25 | Queue | Villager (Male) |
| 1:58 | Build | Lumber Camp |
| 2:06 | Research | Loom |
| 2:20 | Queue | Villager (Male) |
| 2:20 | Queue | Villager (Male) |
| 3:09 | Queue | Villager (Male) |
| 3:17 | Queue | Villager (Male) |
| 4:00 | Queue | Villager (Male) |
| 4:12 | Build | House |
| 4:20 | Queue | Villager (Male) |
| 4:54 | Queue | Villager (Male) |
| 4:54 | Queue | Villager (Male) |
| 4:59 | Build | House |
| 5:38 | Queue | Villager (Male) |
| 5:39 | Queue | Villager (Male) |
| 5:39 | Queue | Villager (Male) |
| 5:40 | Queue | Villager (Male) |
| 6:16 | Queue | Villager (Male) |
| 6:58 | Queue | Villager (Male) |
| 7:41 | Build | Mill |
| 8:01 | Build | Barracks |
| 8:26 | Build | Barracks |
| 9:09 | Research | Feudal Age |
| 9:26 | Queue | Villager (Male) |
| 9:40 | Build | Mining Camp |
| 10:01 | Queue | Militia ×4 |
| 10:26 | Queue | Militia |
| 10:37 | Queue | Villager (Male) |
| 10:42 | Build | House |
| 10:46 | Build | House |
| 10:48 | Build | House |
| 11:19 | Age | Feudal Age |
| 11:42 | Queue | Villager (Male) |
| 11:58 | Queue | Villager (Male) |
| 11:58 | Queue | Villager (Male) |
| 12:09 | Research | Man-at-Arms (upgrade) |
| 12:10 | Queue | Militia |
| 12:11 | Queue | Spearman ×2 |
| 12:38 | Build | Farm |
| 12:39 | Build | Farm |
| 12:39 | Build | Farm |
| 12:39 | Build | Farm |
| 12:39 | Build | Farm |
| 12:40 | Build | Farm |
| 12:41 | Queue | Villager (Male) |
| 12:53 | Queue | Militia |
| 13:39 | Build | Farm |
| 13:40 | Queue | Villager (Male) |
| 13:46 | Build | Farm |
| 14:20 | Queue | Militia ×4 |
| 14:38 | Build | Blacksmith |
| 15:00 | Build | Farm |
| 15:01 | Queue | Villager (Male) |
| 15:16 | Queue | Eagle Scout |
| 15:16 | Queue | Eagle Scout |
| 15:17 | Queue | Villager (Male) |
| 15:23 | Build | Market |
| 15:36 | Queue | Militia |
| 15:37 | Queue | Militia |
| 15:43 | Build | Farm |
| 15:45 | Queue | Villager (Male) |
| 15:49 | Build | House |
| 16:01 | Research | Town Watch |
| 16:02 | Queue | Villager (Male) |
| 16:57 | Queue | Villager (Male) |
| 17:23 | Build | House |
| 17:30 | Queue | Villager (Male) |
| 17:34 | Build | Farm |
| 17:35 | Build | Farm |
| 17:36 | Queue | Villager (Male) |
| 17:41 | Queue | Militia |
| 18:18 | Build | Farm |
| 18:27 | Build | Mill |
| 18:28 | Queue | Villager (Male) |
| 18:29 | Queue | Villager (Male) |
| 18:43 | Queue | Villager (Male) |
| 19:09 | Build | Dock |
| 19:21 | Queue | Villager (Male) |
| 19:55 | Build | House |
| 19:56 | Build | House |
| 20:02 | Queue | Fishing Ship ×4 |
| 20:17 | Research | Castle Age |
| 20:42 | Research | Double-Bit Axe |
| 21:26 | Queue | Eagle Scout |
| 21:26 | Queue | Eagle Scout |
| 21:59 | Queue | Villager (Male) |
| 22:00 | Queue | Villager (Male) |
| 22:46 | Queue | Eagle Scout |
| 22:46 | Queue | Eagle Scout |
| 22:46 | Queue | Eagle Scout |
| 22:57 | Age | Castle Age |
| 22:58 | Queue | Villager (Male) |
| 23:07 | Build | Town Center |
| 23:13 | Queue | Villager (Male) |
| 23:13 | Queue | Villager (Male) |
| 23:25 | Queue | Villager (Male) |
| 23:35 | Research | Eagle Warrior (upgrade) |
| 23:35 | Research | Squires |
| 24:17 | Queue | Villager (Male) |
| 24:17 | Queue | Villager (Male) |
| 24:17 | Queue | Villager (Male) |
| 24:18 | Queue | Villager (Male) |
| 24:18 | Queue | Villager (Male) |
| 24:19 | Queue | Villager (Male) |
| 24:22 | Build | Mining Camp |
| 24:47 | Queue | Villager (Male) ×5 |
| 25:28 | Research | Scale Mail Armor |
| 25:29 | Research | Forging |
| 25:31 | Build | Farm |
| 25:38 | Queue | Eagle Scout ×3 |
| 25:39 | Queue | Villager (Male) |
| 25:44 | Build | House |
| 25:44 | Build | House |
| 26:10 | Build | Mining Camp |
| 26:14 | Queue | Villager (Male) ×5 |
| 26:26 | Build | Lumber Camp |
| 26:42 | Queue | Villager (Male) ×4 |
| 27:03 | Queue | Villager (Male) |
| 27:23 | Build | Siege Workshop |
| 27:36 | Queue | Villager (Male) ×5 |
| 28:11 | Queue | Mangonel |
| 28:11 | Queue | Mangonel |
| 28:15 | Build | House |
| 28:15 | Build | House |
| 28:49 | Build | Castle |
| 28:58 | Build | Castle |
| 29:21 | Queue | Mangonel |
| 29:29 | Research | Wheelbarrow |
| 29:40 | Queue | Villager (Male) ×2 |
| 29:48 | Build | Town Center |
| 30:19 | Queue | Villager (Male) ×2 |
| 30:44 | Build | Farm |
| 30:44 | Build | Farm |
| 30:44 | Build | Farm |
| 30:44 | Build | Farm |
| 30:45 | Build | Farm |
| 30:45 | Build | Farm |
| 30:45 | Build | Farm |
| 31:14 | Build | Town Center |
| 32:15 | Build | Farm |
| 32:19 | Research | Hand Cart |
| 32:19 | Queue | Villager (Male) ×2 |
| 32:34 | Build | Monastery |
| 32:57 | Queue | Eagle Scout ×5 |
Match timeline
| 6:30 | angelferoz · wall_segment Palisade Wall x1 |
| 6:36 | angelferoz · wall_segment Palisade Wall x1 |
| 6:37 | angelferoz · wall_segment Palisade Wall x1 |
| 6:40 | angelferoz · wall_segment Palisade Wall x1 |
| 6:40 | angelferoz · wall_segment Palisade Wall x1 |
| 6:41 | angelferoz · wall_segment Palisade Wall x1 |
| 6:41 | angelferoz · wall_segment Palisade Wall x1 |
| 6:53 | angelferoz · first_building Dock |
| 8:01 | Rey Nacho 1ro · first_building Barracks |
| 11:19 | Rey Nacho 1ro · age_up feudal |
| 14:25 | angelferoz · age_up feudal |
| 14:53 | angelferoz · first_building Barracks |
| 15:58 | angelferoz · wall_segment Palisade Wall x1 |
| 16:06 | angelferoz · wall_segment Palisade Wall x1 |
| 16:08 | angelferoz · wall_segment Palisade Wall x1 |
| 19:09 | Rey Nacho 1ro · first_building Dock |
| 22:14 | angelferoz · wall_segment Stone Wall x1 |
| 22:17 | angelferoz · wall_segment Stone Wall x1 |
| 22:18 | angelferoz · wall_segment Stone Wall x1 |
| 22:19 | angelferoz · wall_segment Stone Wall x1 |
| 22:57 | Rey Nacho 1ro · age_up castle |
| 23:10 | angelferoz · wall_segment Stone Wall x1 |
| 23:14 | angelferoz · wall_segment Stone Wall x1 |
| 23:19 | angelferoz · wall_segment Stone Wall x1 |
| 23:55 | angelferoz · wall_segment Stone Wall x1 |
| 23:59 | angelferoz · wall_segment Stone Wall x1 |
| 23:59 | angelferoz · wall_segment Stone Wall x1 |
| 25:50 | angelferoz · wall_segment Stone Wall x1 |
| 26:03 | angelferoz · wall_segment Stone Wall x1 |
| 26:05 | angelferoz · wall_segment Stone Wall x1 |
| 26:07 | angelferoz · wall_segment Stone Wall x1 |
| 26:13 | angelferoz · wall_segment Stone Wall x1 |
| 26:58 | angelferoz · wall_segment Stone Wall x1 |
| 27:00 | angelferoz · wall_segment Stone Wall x1 |
| 27:01 | angelferoz · wall_segment Stone Wall x1 |
| 27:03 | angelferoz · wall_segment Stone Wall x1 |
| 27:23 | Rey Nacho 1ro · first_building Siege Workshop |
| 28:40 | Rey Nacho 1ro · first_market_sell 500 food |
| 28:41 | Rey Nacho 1ro · first_market_buy 500 stone |
| 28:49 | Rey Nacho 1ro · first_building Castle |
| 30:33 | angelferoz · wall_segment Stone Wall x1 |
| 30:34 | angelferoz · wall_segment Stone Wall x1 |
| 30:35 | angelferoz · wall_segment Stone Wall x1 |
| 30:37 | angelferoz · wall_segment Stone Wall x1 |
| 32:34 | Rey Nacho 1ro · first_building Monastery |
| 34:01 | angelferoz · wall_segment Stone Wall x1 |
| 34:03 | angelferoz · wall_segment Stone Wall x1 |
| 34:04 | angelferoz · wall_segment Stone Wall x1 |
| 34:05 | angelferoz · wall_segment Stone Wall x1 |
| 37:02 | angelferoz · age_up castle |
| 37:12 | angelferoz · first_building Siege Workshop |
| 40:16 | angelferoz · first_building Castle |
| 41:19 | Rey Nacho 1ro · age_up imperial |
| 44:38 | angelferoz · first_market_sell 100 wood |
| 54:21 | angelferoz · first_market_buy 100 stone |
| 55:43 | angelferoz · age_up imperial |
| 57:05 | angelferoz · first_building Monastery |
| 61:20 | angelferoz · resign |
[ AI ANALYSIS · 1 CREDIT ]
What really happened in this match?
Wolo.gg analyzes every decision: build order, eco, micro, common mistakes by bracket. Personalized analysis on WhatsApp or Discord in 30 seconds.
Civ guide
Maya
Perfil
Jugador #25090144